 Dungeon Crawl Stone Soup version 0.31.0-9-g3a7656b989 (webtiles) character file.

Game seed: 16931683211481000109

149762 MacCMillion the Eclecticist (level 18, -2/141 HPs)
             Began as a Djinni Alchemist on Jan 26, 2024.
             Was the Champion of Makhleb.
             Killed from afar by a crystal guardian (27 damage)
             ... with a crystal bolt
             ... led by a peacekeeper
             ... on level 4 of the Vaults.
             The game lasted 01:19:16 (27079 turns).

MacCMillion the Eclecticist (Djinni Alchemist)     Turns: 27079, Time: 01:19:16

Health: -2/141     AC:  9    Str:  7    XL:     18   Next: 14%
Gold:   1252       EV: 14    Int: 24    God:    Makhleb [******] SH:  7 Dex: 10

rFire   + . .        o - staff of air
rCold   . . .        P - +0 buckler
rNeg    + + .        L - +3 troll leather armour {Snorg}
rPois   ∞            m - +2 helmet
rElec   +            I - scarf {repulsion}
rCorr   .            (no gloves)
SInv    .            (boots unavailable)
Will    ++...        Z - amulet of the Air {Inacc Air Fly rElec RMsl}
Stlth   +            t - ring of Fysomuun {rN++ Will+ Dex-5}
HPRegen 1.23/turn    a - ring of ice
MPRegen 0.00/turn

%: inaccuracy (-5), repel missiles, infuse magic (-3 HP)
@: marked, flying
A: sickness immunity, fire resistance 2, cold vulnerability 1, float, innate
caster, HP casting, extra vitality 1
a: Renounce Religion, Minor Destruction, Lesser Servant of Makhleb, Major
Destruction, Greater Servant of Makhleb


You were on level 4 of the Vaults.
You worshipped Makhleb.
Makhleb was exalted by your worship.
You visited 4 branches of the dungeon, and saw 22 of its levels.

You collected 2065 gold pieces.
You spent 813 gold pieces at shops.

Inventory:

Hand Weapons
 n - a +4 dagger
Armour
 m - a +2 helmet (worn)
 I - a scarf of repulsion (worn)
 L - a +3 troll leather armour (worn) {Snorg}
 P - a +0 buckler (worn)
Magical Staves
 o - a staff of air (weapon)
Jewellery
 a - a ring of ice (right hand)
 b - a +6 ring of strength
 h - a ring of fire
 j - a ring of wizardry
 t - the ring of Fysomuun (left hand) {rN++ Will+ Dex-5}
   (You found it on level 4 of the Dungeon)

   [ring of willpower]

   Dex-5:     It affects your dexterity (-5).
   rN++:      It greatly protects you from negative energy.
   Will+:     It increases your willpower.
 w - the ring of Faeh {rElec rCorr Dex+6}
   (You found it on level 6 of the Dungeon)

   [ring of dexterity]

   Dex+6:     It affects your dexterity (+6).
   rElec:     It insulates you from electricity.
   rCorr:     It protects you from acid and corrosion.
 J - an amulet of the acrobat
 W - an amulet of faith
 Y - a ring of fire
 Z - the amulet of the Air (around neck) {Inacc Air Fly rElec RMsl}
   (You bought it in a shop on level 1 of the Vaults)

   [amulet of nothing]

   Inacc:     It reduces the accuracy of your attacks and spells.
   Air:       It enhances your air magic.
   rElec:     It insulates you from electricity.
   Fly:       It grants you flight.
   RMsl:      It protects you from missiles.
Wands
 g - a wand of polymorph (5)
 v - a wand of quicksilver (18)
 B - a wand of flame (41)
 F - a wand of mindburst (24)
 Q - a wand of iceblast (8)
 V - a wand of charming (5)
Scrolls
 e - a scroll of enchant armour
 k - 3 scrolls of fear
 p - 2 scrolls of teleportation
 q - 3 scrolls of blinking
 u - a scroll of amnesia
 y - a scroll of enchant weapon
 C - 4 scrolls of vulnerability
 E - 2 scrolls of poison
 G - 2 scrolls of revelation {unknown}
 K - a scroll of immolation
 M - a scroll of torment
 N - 2 scrolls of noise {unknown}
 S - a scroll of acquirement {unknown}
 T - a scroll of fog
 U - 2 scrolls of brand weapon {unknown}
Potions
 c - 4 potions of enlightenment {unknown}
 d - 4 potions of heal wounds
 f - 3 potions of invisibility
 i - a potion of magic {unknown}
 l - 5 potions of haste
 s - 9 potions of curing
 x - 4 potions of brilliance
 z - 3 potions of attraction
 D - a potion of resistance {unknown}
 H - 6 potions of degeneration {unknown}
 O - 2 potions of lignification {unknown}
 R - 2 potions of mutation {unknown}
 X - a potion of ambrosia {unknown}


   Skills:
 + Level 16.4 Fighting
 - Level 10.0 Dodging
 - Level 1.5 Stealth
 + Level 14.6 Shields
 + Level 16.6 Spellcasting
 + Level 16.6 Conjurations
 + Level 16.6 Hexes
 + Level 16.6 Summonings
 + Level 16.6 Necromancy
 + Level 16.6 Translocations
 + Level 16.6 Fire Magic
 + Level 16.6 Ice Magic
 + Level 16.6 Air Magic
 + Level 16.6 Earth Magic
 + Level 16.6 Alchemy
 - Level 0.4 Invocations


You knew the following spells:

 Your Spells              Type           Power      Damage    Failure   Level
a - Sting                 Conj/Alch      100%       1d9       0%          1
b - Mercury Vapours       Alch/Air       100%       N/A       0%          2
c - Mephitic Cloud        Conj/Alch/Air  100%       N/A       0%          3
d - Olgreb's Toxic Radia  Alch           79%        N/A       1%          4
e - Sticky Flame          Fire/Alch      79%        2d12      1%          4
f - Magic Dart            Conj           100%       1d8       0%          1
g - Static Discharge      Conj/Air       100%       3-8/arc   0%          2
h - Summon Ice Beast      Ice/Summ       99%        N/A       0%          3
i - Flame Wave            Conj/Fire      79%        2d17      1%          4
j - Ignite Poison         Fire/Alch      79%        N/A       1%          4
k - Curse of Agony        Necr           79%        N/A       1%          5
l - Plasma Beam           Fire/Air       61%        2x1d77    1%          6
m - Bombard               Conj/Erth      39%        9d7       1%          6
Your spell library was empty.

Dungeon Overview and Level Annotations

Branches:
Dungeon (15/15)            Temple (1/1) D:4            Lair (0/5) D:11
    Orc (2/2) D:10            Elf (0/3) Orc:2        Vaults (4/5) D:14
  Crypt (0/3) Vaults:2     Depths (0/4) D:15

Altars:
Ashenzari
Cheibriados
Dithmenos
Elyvilon
Fedhas
Gozag
Hepliaklqana
Makhleb
Nemelex Xobeh
Okawaru
Qazlal
Ru
Trog
Uskayaw
Wu Jian
Xom
Yredelemnul
Zin
The Shining One

Shops:
D:3 *   D:5 [   D:9 *[   Orc:2 (:[*   Vaults:1 =

Annotations:
D:3 Jessica
D:5 exclusion: water moccasin
D:15 3 runed translucent doors, MuffinSoup's ghost, journeyman OpHW


Innate Abilities, Weirdness & Mutations

You are immune to sickness and miasma.
You are immune to poison.
Your flesh is very heat resistant. (rF++)
You are vulnerable to cold. (rC-)
You float through the air rather than walking.
You learn spells naturally, not from books.
Your magical power is your life essence.
You have superior vitality. (+4 MHP)


Message History

Makhleb accepts your kill.
The bolt of lightning hits the crystal guardian.
The crystal guardian completely resists.
The fiery plasma hits the crystal guardian.
The crystal guardian completely resists.
The crystal guardian fires a crystalline bolt at you.
The crystal bolt freezes you!!
Casting: Plasma Beam (mildly dangerous; 1% risk of failure)
Confirm with . or Enter, or press ? or * to list all spells.
Aiming: Bombard (mildly dangerous; 1% risk of failure)
Press: ? - help, Shift-Dir - straight line, f - crystal guardian
Aim: a crystal guardian (strong, 100% to hit)
The iron shot hits the crystal guardian!!
The crystal guardian is heavily damaged.
The crystal guardian fires a crystalline bolt at you.
The crystal bolt burns you!! You resist.
Casting: Bombard (mildly dangerous; 1% risk of failure)
Confirm with . or Enter, or press ? or * to list all spells.
Aiming: Bombard (mildly dangerous; 1% risk of failure)
Press: ? - help, Shift-Dir - straight line, f/p - crystal guardian
Aim: a crystal guardian (heavily damaged, strong, 100% to hit)
The iron shot hits the crystal guardian!!
The crystal guardian is severely damaged.
The blast sends you backwards.
Casting: Bombard (mildly dangerous; 1% risk of failure)
Confirm with . or Enter, or press ? or * to list all spells.
Aiming: Bombard (mildly dangerous; 1% risk of failure)
Press: ? - help, Shift-Dir - straight line, f/p - crystal guardian
Aim: a crystal guardian (severely damaged, strong, 100% to hit)
The iron shot hits the crystal guardian!
The crystal guardian is almost destroyed.
* * * LOW HITPOINT WARNING * * *
The crystal guardian fires a crystalline bolt at you.
The crystal bolt freezes you!!
* * * LOW HITPOINT WARNING * * *
You feel much better.
A tengu reaver comes into view. It is wielding a +0 great sword.
The crystal guardian fires a crystalline bolt at you.
The crystal bolt burns you!! You resist.
You die...

######## #......#
#......# #......#
#......# #..@...#
#... #..<...#
#... #..9...#
#....#......#
#....#......#
#....##C#####)))
+#......)....))..
........Q..p...).
........)[)......


You could see a tengu reaver (repels missiles), an ettin and a crystal guardian
(strong).

Vanquished Creatures
  Jorgrun (Orc:2)
  Rupert (Orc:2)
  2 sphinxes (Vaults:2)
  2 storm dragons
  5 vault wardens
  An orc warlord (Vaults:1)
  8 ironbound preservers
  2 formless jellyfish
  3 ironbound thunderhulks
  Nessos (Orc:2)
  13 dire elephants
  A war gargoyle (Vaults:2)
  Snorg (D:11)
  10 yaktaur captains
  An entropy weaver (Vaults:3)
  5 vault guards
  4 great orbs of eyes
  2 peacekeepers
  A hydra (D:14)
  12 ironbound frosthearts
  A death knight (D:11)
  3 two-headed ogres
  5 boulder beetles
  8 centaur warriors
  4 orc high priests
  3 tengu warriors
  A deep troll earth mage (D:15)
  A glowing orange brain (Vaults:1)
  33 deep trolls
  7 lindwurms
  6 arcanists
  10 ironbound convokers
  A deep elf zephyrmancer (D:15)
  A harpy (Vaults:1)
  5 orc sorcerers (Orc:2)
  A deep elf pyromancer (D:15)
  6 cyclopes
  15 ugly things
  7 orc knights
  3 manticores
  A meliai (D:15)
  A meliai (shapeshifter) (D:14)
  A salamander (shapeshifter) (D:13)
  A moth of wrath (D:9)
  4 kobold blastminers
  13 vault sentinels
  2 gargoyles
  18 yaktaurs
  An unseen horror (D:12)
  2 tengu conjurers
  A komodo dragon (D:12)
  8 trolls
  2 hornets
  Prince Ribbit (D:6)
  2 saltlings (Vaults:2)
  23 slime creatures
  A spriggan (shapeshifter) (D:13)
  2 wyverns
  A centaur simulacrum (D:14)
  A vampire (D:12)
  2 wraiths
  10 yaks
  A steam dragon (D:8)
  A warg (D:15)
  8 vampire mosquitoes
  Edmund (D:4)
  A black bear (D:7)
  An ice beast (D:6)
  37 orc warriors
  A sky beast (D:4)
  A laughing skull (D:11)
  4 ogres
  5 centaurs
  A phantom (D:5)
  A kobold brigand (D:11)
  2 bullfrogs
  Blork the orc (D:4)
  A gnoll sergeant (D:8)
  3 scorpions
  10 wights
  4 killer bees (D:11)
  2 howler monkeys
  3 hounds
  2 bombardier beetles
  25 orc priests
  A gnoll bouda (D:8)
  An iguana (D:5)
  38 orc wizards
  Robin (D:3)
  14 gnolls
  4 adders
  A shadow imp (D:6)
  3 white imps (D:9)
  3 ufetubi
  A dart slug (D:2)
  4 ribbon worms
  79 orcs
  4 ball pythons
  8 endoplasms
  4 giant cockroaches
  9 goblins
  13 hobgoblins
  10 kobolds
  4 quokkas
  4 bats
  3 frilled lizards
  10 rats
  A spectral orc (D:6)
631 creatures vanquished.

Vanquished Creatures (collateral kills)
  An orc warlord (Orc:2)
  A hydra (D:13)
  A tengu warrior (D:14)
  2 ugly things
  An elephant (D:11)
  A kobold demonologist (D:10)
  Maggie (D:10)
  An unseen horror (D:10)
  A troll (D:10)
  2 slime creatures (D:12)
  A wraith (D:10)
  2 yaks (D:8)
  4 vampire mosquitoes (D:11)
  3 black bears
  An ogre (D:6)
  3 centaurs
  A weeping skull (D:6)
  A gnoll sergeant (D:6)
  A bullfrog (D:7)
  3 crimson imps (D:9)
  A gnoll bouda (D:7)
  An orc priest (D:9)
  A jelly (D:6)
  A sleepcap (D:6)
  3 orc wizards
  6 gnolls
  An adder (D:6)
  2 white imps
  3 ufetubi
  10 orcs
61 creatures vanquished.

Vanquished Creatures (others)
  A yaktaur (Vaults:3)
1 creature vanquished.

Grand Total: 693 creatures vanquished

Notes
Turn   | Place    | Note
-------+----------+-------------------------------------------
     0 | D:1      | MacCMillion the Djinni Alchemist began the quest for the
                  | Orb.
     0 | D:1      | MacCMillion set off with the following spells memorised:
                  | Sting, Mercury Vapours, Mephitic Cloud, Olgreb's Toxic
                  | Radiance, Sticky Flame.
     0 | D:1      | Reached XP level 1. HP: 15/15 MP: 0/0
   202 | D:1      | Reached XP level 2. HP: 22/22 MP: 0/0
   710 | D:1      | Reached skill level 1 in Fighting
  1123 | D:2      | Reached XP level 3. HP: 24/27 MP: 0/0
  1123 | D:2      | Learned a level 1 spell: Magic Dart
  1904 | D:2      | Found a faded altar of an unknown god.
  2243 | D:3      | Reached XP level 4. HP: 32/32 MP: 0/0
  2571 | D:3      | Identified the +2 helmet of Tulips {Harm Fly rF- SInv}
  2571 | D:3      | Noticed Robin
  2589 | D:3      | Killed Robin
  2590 | D:3      | Reached XP level 5. HP: 29/38 MP: 0/0
  2590 | D:3      | Learned a level 2 spell: Static Discharge
  2770 | D:3      | Found an ornate altar of the Wu Jian Council.
  2891 | D:3      | Found a hazy altar of Hepliaklqana.
  2991 | D:3      | Noticed Jessica
  3755 | D:3      | Found Jemoseir's Assorted Antiques.
  3789 | D:4      | Noticed Blork the orc
  3809 | D:4      | Noticed Edmund
  3810 | D:4      | Killed Blork the orc
  3811 | D:4      | Reached XP level 6. HP: 33/46 MP: 0/0
  3824 | D:4      | Killed Edmund
  3825 | D:4      | Reached skill level 5 in Spellcasting
  3825 | D:4      | Reached skill level 5 in Conjurations
  3825 | D:4      | Reached skill level 5 in Hexes
  3825 | D:4      | Reached skill level 5 in Summonings
  3825 | D:4      | Reached skill level 5 in Necromancy
  3825 | D:4      | Reached skill level 5 in Translocations
  3825 | D:4      | Reached skill level 5 in Fire Magic
  3825 | D:4      | Reached skill level 5 in Ice Magic
  3825 | D:4      | Reached skill level 5 in Air Magic
  3825 | D:4      | Reached skill level 5 in Earth Magic
  3825 | D:4      | Reached skill level 5 in Alchemy
  3931 | D:4      | Noticed an ogre
  3945 | D:4      | Killed an ogre
  3946 | D:4      | Reached XP level 7. HP: 42/50 MP: 0/0
  3946 | D:4      | Learned a level 3 spell: Summon Ice Beast
  4445 | D:4      | Found a burning altar of Makhleb.
  4448 | D:4      | Found a staircase to the Ecumenical Temple.
  4532 | D:4      | Identified the ring of Fysomuun {rN++ Will+ Dex-5}
  4542 | D:4      | Became a worshipper of Makhleb the Destroyer
  4857 | Temple   | Entered the Ecumenical Temple
  4876 | D:5      | Entered Level 5 of the Dungeon
  4883 | D:5      | Reached XP level 8. HP: 23/58 MP: 0/0
  5117 | D:5      | Found Egiughai's Armour Shoppe.
  5858 | D:6      | Noticed Prince Ribbit
  5867 | D:6      | Killed Prince Ribbit
  5868 | D:6      | Reached skill level 5 in Fighting
  5908 | D:6      | Identified the ring of Faeh {rElec rCorr Dex+6}
  5943 | D:6      | Found a basalt altar of Yredelemnul.
  6460 | D:6      | Reached XP level 9. HP: 32/65 MP: 0/0
  6460 | D:6      | Learned a level 4 spell: Flame Wave
  6900 | D:6      | Reached * piety under Makhleb
  7122 | D:6      | Found a sparkling altar of Nemelex Xobeh.
  8409 | D:7      | Found a sacrificial altar of Ru.
  8513 | D:7      | Reached ** piety under Makhleb
  8594 | D:7      | Found a stormy altar of Qazlal.
  9306 | D:8      | Reached XP level 10. HP: 60/70 MP: 0/0
  9476 | D:8      | Reached skill level 10 in Spellcasting
  9476 | D:8      | Reached skill level 10 in Conjurations
  9476 | D:8      | Reached skill level 10 in Hexes
  9476 | D:8      | Reached skill level 10 in Summonings
  9476 | D:8      | Reached skill level 10 in Necromancy
  9476 | D:8      | Reached skill level 10 in Translocations
  9476 | D:8      | Reached skill level 10 in Fire Magic
  9476 | D:8      | Reached skill level 10 in Ice Magic
  9476 | D:8      | Reached skill level 10 in Air Magic
  9476 | D:8      | Reached skill level 10 in Earth Magic
  9476 | D:8      | Reached skill level 10 in Alchemy
  9651 | D:8      | Reached skill level 5 in Dodging
 10024 | D:8      | Found a white marble altar of Elyvilon.
 10026 | D:8      | Found an opulent altar of Gozag.
 10027 | D:8      | Found a glowing golden altar of the Shining One.
 10461 | D:9      | Noticed a moth of wrath
 10463 | D:9      | Found a bloodstained altar of Trog.
 10479 | D:9      | Killed a moth of wrath
 10900 | D:9      | Found Vuijiwko's General Store.
 10945 | D:9      | Found Zuwuaklo's Antique Armour Boutique.
 11162 | D:10     | Entered Level 10 of the Dungeon
 11449 | D:10     | Killed an unseen horror
 11776 | D:10     | Found a staircase to the Orcish Mines.
 11946 | D:10     | Reached XP level 11. HP: 47/75 MP: 0/0
 11946 | D:10     | Learned a level 4 spell: Ignite Poison
 12152 | D:10     | Found a hide-covered altar of Uskayaw.
 12293 | D:10     | Noticed Maggie
 12295 | D:10     | Reached *** piety under Makhleb
 12334 | D:10     | Killed Maggie
 12928 | D:11     | Noticed Snorg
 12937 | D:11     | Killed Snorg
 12946 | D:11     | Noticed a manticore
 12956 | D:11     | Killed a manticore
 13382 | D:11     | Found a staircase to the Lair.
 13383 | D:11     | Noticed an elephant
 13393 | D:11     | Reached skill level 10 in Dodging
 13397 | D:11     | Killed an elephant
 13485 | D:11     | Reached XP level 12. HP: 83/83 MP: 0/0
 13750 | D:11     | Noticed a centaur warrior
 13756 | D:11     | Killed a centaur warrior
 13758 | D:11     | Noticed a death knight
 13769 | D:11     | Reached **** piety under Makhleb
 13790 | D:11     | Killed a death knight
 13923 | D:11     | Noticed a storm dragon
 13949 | D:11     | Killed a storm dragon
 14203 | D:11     | Noticed an arcanist
 14218 | D:11     | Killed an arcanist
 14273 | Orc:1    | Entered Level 1 of the Orcish Mines
 14273 | Orc:1    | Noticed an orc high priest
 14277 | Orc:1    | Reached skill level 1 in Shields
 14278 | Orc:1    | Killed an orc high priest
 14289 | Orc:1    | Reached ***** piety under Makhleb
 14678 | Orc:2    | Entered Level 2 of the Orcish Mines
 14682 | Orc:2    | Noticed Rupert
 14690 | Orc:2    | Killed Rupert
 14691 | Orc:2    | Reached XP level 13. HP: 92/94 MP: 0/0
 14691 | Orc:2    | Learned a level 5 spell: Curse of Agony
 14818 | Orc:2    | Noticed Nessos
 14819 | Orc:2    | Noticed Jorgrun
 14832 | Orc:2    | Killed Jorgrun
 14832 | Orc:2    | Killed Nessos
 14833 | Orc:2    | Reached skill level 5 in Shields
 15213 | Orc:2    | Reached skill level 10 in Fighting
 15359 | Orc:2    | Noticed an orc warlord
 15383 | Orc:2    | Killed an orc warlord
 15892 | Orc:2    | Found Murraec's Antique Armour Emporium.
 15896 | Orc:2    | Found Bogho's General Store.
 15896 | Orc:2    | Found Lucu's Book Emporium.
 15897 | Orc:2    | Found Zagi's Antique Weapon Shoppe.
 15923 | Orc:2    | Reached ****** piety under Makhleb
 16120 | Orc:2    | Found a staircase to the Elven Halls.
 16768 | D:12     | Reached XP level 14. HP: 103/103 MP: 0/0
 18771 | D:14     | Identified the +2 robe of Limited Liability {rF+}
 18836 | D:14     | Found a gate to the Vaults.
 18837 | D:14     | Noticed a storm dragon
 18850 | D:14     | Killed a storm dragon
 19986 | D:15     | Entered Level 15 of the Dungeon
 20299 | D:15     | Reached XP level 15. HP: 110/113 MP: 0/0
 20299 | D:15     | Learned a level 6 spell: Plasma Beam
 20633 | D:15     | Reached skill level 10 in Shields
 20758 | D:15     | Found a runed translucent gate.
 20758 | D:15     | Found a runed translucent gate.
 20758 | D:15     | Found a runed translucent gate.
 21182 | D:15     | Found a sacrificial altar of Ru.
 21295 | D:15     | Noticed MuffinSoup's ghost (journeyman OpHW)
 21552 | D:15     | Found a staircase to the Depths.
 21697 | Vaults:1 | Entered Level 1 of the Vaults
 22270 | Vaults:1 | Noticed a vault warden
 22271 | Vaults:1 | Reached skill level 15 in Spellcasting
 22271 | Vaults:1 | Reached skill level 15 in Conjurations
 22271 | Vaults:1 | Reached skill level 15 in Hexes
 22271 | Vaults:1 | Reached skill level 15 in Summonings
 22271 | Vaults:1 | Reached skill level 15 in Necromancy
 22271 | Vaults:1 | Reached skill level 15 in Translocations
 22271 | Vaults:1 | Reached skill level 15 in Fire Magic
 22271 | Vaults:1 | Reached skill level 15 in Ice Magic
 22271 | Vaults:1 | Reached skill level 15 in Air Magic
 22271 | Vaults:1 | Reached skill level 15 in Earth Magic
 22271 | Vaults:1 | Reached skill level 15 in Alchemy
 22278 | Vaults:1 | Killed a vault warden
 22283 | Vaults:1 | Reached XP level 16. HP: 72/122 MP: 0/0
 22845 | Vaults:1 | Identified the +4 lajatang of Daedet {vamp, Dex+3}
 23415 | Vaults:1 | Found Kabese's Jewellery Emporium.
 23424 | Vaults:1 | Bought the amulet of the Air {Inacc Air Fly rElec RMsl} for
                  | 488 gold pieces
 23424 | Vaults:1 | Found the amulet of the Air {Inacc Air Fly rElec RMsl}
 23424 | Vaults:1 | Bought a ring of ice for 325 gold pieces
 24120 | Vaults:2 | Found a crumbling gateway.
 24186 | Vaults:2 | Noticed a vault warden
 24189 | Vaults:2 | Noticed a sphinx
 24201 | Vaults:2 | Killed a sphinx
 24202 | Vaults:2 | Reached skill level 15 in Fighting
 24202 | Vaults:2 | Killed a vault warden
 24227 | Vaults:2 | Reached XP level 17. HP: 84/131 MP: 0/0
 24227 | Vaults:2 | Learned a level 6 spell: Bombard
 24360 | Vaults:2 | Found a staircase to the Crypt.
 24739 | Vaults:2 | Noticed a sphinx
 24740 | Vaults:2 | Killed a sphinx
 24942 | Vaults:2 | Found Noinaupi's Jewellery Boutique.
 27064 | Vaults:4 | Reached XP level 18. HP: 139/139 MP: 0/0
 27078 | Vaults:4 | HP: 6/141 [crystal guardian/crystal bolt[a peacekeeper]
                  | (34)]
 27079 | Vaults:4 | Killed from afar by a crystal guardian

Illustrated notes

Levels and vault maps discovered:
D:1:      minmay_arrival_doors, layout_basic, serial_bayou_lagoon_a
D:2:      layout_loops_cross, ebering_ecumenical_altar_rust,
          hangedman_decor_lopped
D:3:      layout_loops_ring, lemuel_doored_altar,
          nicolae_hepliaklqana_hippocampus, serial_shops,
          nicolae_shop_tiny_glass, grunt_ministairs_8, roderic_lattice_a,
          uniq_robin, uniq_jessica
D:4:      layout_basic, mainiacjoe_overflow_paths, minmay_temple_entry_junction,
          uniq_edmund, uniq_blork_the_orc
D:5:      layout_loops_cross, kennysheep_windowed_goal
D:6:      layout_layer_cave, yredelemnul_forgotten_temple_becter,
          nemelex_dance_club_becter, uniq_prince_ribbit1
D:7:      layout_gridville, mainiacjoe_overflow_alcove_2,
          overflow_temple_1_default
D:8:      layout_loops_ring, mainiacjoe_overflow_alcove_3
D:9:      layout_basic, tgw_trog, serial_shops, shop, nicolae_shop_statue_plus,
          chequers_serial_rivers_micro_b, dreamdust_mushroom_princess,
          minmay_fire_ice_demons
D:10:     layout_basic, nicolae_uskayaw_suspiria, uniq_maggie
D:11:     minmay_tile_spiral, layout_loops_corners, david_lair_generic,
          uniq_snorg
D:12:     layout_loops_ring, nicolae_sif_muna_little_library
D:13:     layout_loops_ring, minmay_misc_feat_alley
D:14:     layout_irregular_city, hellmonk_vaults_attempted_burglary,
          hangedman_decor_peaks_small
D:15:     hellmonk_depths_entry_around_the_bend, layout_loops_corners,
          nicolae_ru_awakened_eye, serial_library,
          serial_library_hellmonk_open_cross,
          serial_library_hellmonk_secret_room,
          serial_library_hellmonk_small_corner, serial_library_hellmonk_u_bend,
          serial_library_hellmonk_semicircle,
          serial_library_hellmonk_metal_room, gammafunk_ghost_necromancy
Temple:   hellmonk_temple_rainy
Orc:1:    layout_caves, nicolae_orc_minecarts
Orc:2:    st_orc_congregation, layout_caves, uniq_rupert, uniq_jorgrun,
          uniq_nessos
Vaults:1: v_rooms_6, v_pattern_4, vaults_mumra_hex,
          nicolae_vaults_ring_of_whatevers, nicolae_vaults_stepped_doors,
          ontoclasm_vaults_fault, vaults_standard_mumra_enter_the_diamond,
          nicolae_vaults_trapezoid_4, vaults_dpeg_encased_lava,
          nicolae_vaults_wine_cellar, nicolae_vaults_trapezoid_layered,
          nicolae_vaults_little_squares_4, hangedman_vaults_stretched_pinwheel,
          nicolae_vaults_tetromino_T_1, vaults_room_large_hall,
          layout_vaults_omnibox, serial_shops, nicolae_shop_gibbet_a_chance
Vaults:2: portal_desolation_entry_nicolae_nacl, v_alt_pattern_2,
          nicolae_vaults_offset_grid_hallway_2,
          nicolae_vaults_storage_room_water, nicolae_vaults_tetromino_L_2,
          vaults_room_corners, nicolae_vaults_diamond_1,
          nicolae_vaults_crenellated_ambush, nicolae_vaults_tetromino_Z_2,
          layout_vaults_quadrants, dummy_crypt_entry, serial_shops,
          nicolae_shop_back_alley_shop, uniq_donald
Vaults:3: nicolae_vaults_wrenched, grunt_vaults_twisty, hangedman_vaults_maws,
          hangedman_vaults_pinch, hangedman_vaults_maws,
          dpeg_vaults_monster_box, nicolae_vaults_offset_grid_hallway_3,
          nicolae_vaults_diamond_2, hangedman_vaults_corner_blocks,
          nicolae_vaults_theta, nicolae_vaults_little_squares_1, v_misc_23,
          nicolae_vaults_tetromino_L_2, layout_vaults_omnicross
Vaults:4: nicolae_vaults_security_offices_3, nicolae_vaults_stairing_the_circle,
          nicolae_vaults_tetromino_L_2, nicolae_vaults_door_testing_chamber,
          ontoclasm_vaults_ring_large, nicolae_vaults_yaktaur_gun_rack,
          nicolae_vaults_surprise_closet, ontoclasm_vaults_chip,
          layout_vaults_chaotic_city

Skill      XL: |  1  2  3  4  5  6  7  8  9 10 11 12 13 14 15 16 17 |
---------------+----------------------------------------------------+-----
Fighting       | 1 2 3 4 5 6 8 10 12 13 15 16 | 16.4
Spellcasting   | 4 5 6 7 9 10 11 12 13 14 15 16 | 16.6
Conjurations   | 4 5 6 7 9 10 11 12 13 14 15 16 | 16.6
Hexes          | 4 5 6 7 9 10 11 12 13 14 15 16 | 16.6
Summonings     | 4 5 6 7 9 10 11 12 13 14 15 16 | 16.6
Necromancy     | 4 5 6 7 9 10 11 12 13 14 15 16 | 16.6
Translocations | 4 5 6 7 9 10 11 12 13 14 15 16 | 16.6
Fire Magic     | 4 5 6 7 9 10 11 12 13 14 15 16 | 16.6
Ice Magic      | 4 5 6 7 9 10 11 12 13 14 15 16 | 16.6
Air Magic      | 4 5 6 7 9 10 11 12 13 14 15 16 | 16.6
Earth Magic    | 4 5 6 7 9 10 11 12 13 14 15 16 | 16.6
Alchemy        | 4 5 6 7 9 10 11 12 13 14 15 16 | 16.6
Dodging        | 3 7 10 | 10.0
Shields        | 4 7 9 11 13 14 | 14.6
Stealth        | |  1.5
Invocations    | |  0.4

Action                     |  1- 3 |  4- 6 |  7- 9 | 10-12 | 13-15 | 16-18 || total
---------------------------+-------+-------+-------+-------+-------+-------++-------
  Melee: Dagger            |     3 |    12 |    12 |       |       |       ||    27
         Punch             |       |     1 |       |       |       |       ||     1
         Staff             |       |       |    16 |    18 |    31 |     2 ||    67
   Cast: Sting             |    52 |    73 |   104 |    18 |     3 |       ||   250
         Mephitic Cloud    |     3 |     6 |    13 |     7 |    39 |     2 ||    70
         Mercury Vapours   |     2 |     5 |     2 |       |       |       ||     9
         Sticky Flame      |       |       |    15 |    27 |     4 |       ||    46
         Olgreb's Toxic Ra |       |       |    18 |    71 |   176 |    60 ||   325
         Summon Ice Beast  |       |       |    30 |    43 |    39 |     1 ||   113
         Static Discharge  |       |       |     1 |     1 |       |       ||     2
         Ignite Poison     |       |       |       |    10 |   112 |    24 ||   146
         Plasma Beam       |       |       |       |       |    33 |   166 ||   199
         Bombard           |       |       |       |       |       |     6 ||     6
         Magic Dart        |       |       |       |       |       |     1 ||     1
    Use: Scroll            |       |       |       |    12 |     6 |     2 ||    20
         Potion            |       |       |       |       |       |     2 ||     2
 Armour: Robe              |    10 |    12 |    40 |       |       |       ||    62
         Leather armour    |       |       |    16 |    59 |       |       ||    75
         Troll leather arm |       |       |       |    24 |    68 |    50 ||   142
  Dodge: Dodged            |    13 |    10 |    43 |    93 |    96 |    37 ||   292
         Repelled          |       |       |       |     3 |     3 |       ||     6
  Block: Buckler           |       |       |       |       |    18 |    18 ||    36
